 Dungeon Crawl Stone Soup version 0.32-a0-18-g89e19f1974 (webtiles) character file.

Game seed: 13371928498667139313

602 mopl the Grave Robber (level 7, -5/35 HPs)
             Began as a Vine Stalker Necromancer on Jan 16, 2024.
             Slain by an orc warrior
             ... wielding a +0 dire flail
              (9 damage)
             ... on level 5 of the Dungeon.
             The game lasted 00:06:52 (3775 turns).

mopl the Grave Robber (Vine Stalker Necromancer)    Turns: 3775, Time: 00:06:53

Health: -5/35      AC:  6    Str: 11    XL:     7   Next: 41%
Magic:  0/14       EV: 13    Int: 17    God:
Gold:   6          SH:  0    Dex: 14    Spells: 10/14 levels left

rFire   . . .        f - +0 dagger
rCold   . . .        (no shield)
rNeg    . . .        a - +0 robe
rPois   .            (no helmet)
rElec   .            p - +2 cloak
rCorr   .            (no gloves)
SInv    .            o - +0 pair of boots
Will    .....        (no amulet)
Stlth   ++           q - ring of flight
HPRegen 1.05/turn    (no ring)
MPRegen 0.14/turn

%: guardian spirit
@: flying
A: fangs 2, regeneration 1, magic shield, antimagic bite, no potion heal 2
a: no special abilities


You were on level 5 of the Dungeon.
You visited 1 branch of the dungeon, and saw 5 of its levels.

You collected 324 gold pieces.
You spent 318 gold pieces at shops.

Inventory:

Hand Weapons
 f - a +0 dagger (weapon)
Missiles
 x - 12 boomerangs
 A - a curare-tipped dart
Armour
 a - a +0 robe (worn)
 o - a +0 pair of boots (worn)
 p - a +2 cloak (worn)
Magical Staves
 t - a staff of alchemy
Jewellery
 q - a ring of flight (left hand)
Wands
 y - a wand of flame (20)
Scrolls
 d - 5 scrolls of teleportation {unknown}
 e - a scroll of noise {unknown}
 g - 2 scrolls of enchant armour {unknown}
 h - 2 scrolls of immolation {unknown}
 l - a scroll of fog {unknown}
 r - 2 scrolls of amnesia
 s - a scroll of acquirement {unknown}
 u - a scroll of fear {unknown}
 v - a scroll of poison
 w - a scroll of blinking {unknown}
Potions
 b - a potion of magic
 c - a potion of haste
 i - 2 potions of invisibility
 j - 5 potions of might
 k - 4 potions of curing
 m - a potion of lignification {!q}
 B - a potion of resistance


   Skills:
 + Level 2.8 Fighting
 + Level 2.5 Short Blades
 + Level 3.3 Dodging
 - Level 2.4 Stealth
 + Level 4.1 Spellcasting
 + Level 5.3 Necromancy


You had 10 spell levels left.
You knew the following spells:

 Your Spells              Type           Power      Damage    Failure   Level
a - Necrotise             Necr           84%        1d8       1%          1
b - Vampiric Draining     Necr           21%        2d7       5%          3

Your spell library contained the following spells:

 Spells                   Type           Power      Damage    Failure   Level
 Animate Dead             Necr           21%        N/A       17%         4
 Curse of Agony           Necr           21%        N/A       43%         5


Dungeon Overview and Level Annotations

Branches:
Dungeon (5/15)
 Temple: D:4-7

Altars:

Shops:
D:2 ?   D:3 !   D:5 (

Annotations:
D:3 1 runed translucent door, t4s4d4r's ghost, weakling DEEE


Innate Abilities, Weirdness & Mutations

You have extremely sharp teeth.
Your natural rate of healing is unusually fast.
When hurt, damage is shared between your health and your magic reserves.
Your bite disrupts and absorbs the magic of your enemies.
Potions cannot restore your health.


Message History

You barely miss the orc warrior.
You bite the orc warrior, but do no damage.
The orc warrior is moderately wounded.
The orc warrior hits you with a +0 dire flail!
Casting: Necrotise (safe; 1% risk of failure)
Confirm with . or Enter, or press ? or * to list all spells.
Aiming: Vampiric Draining (dangerous; 5% risk of failure)
Press: ? - help, Shift-Dir - straight line, f/p - orc warrior
Aim: an orc warrior, wielding a +0 dire flail and wearing a +0 plate armour (moderately wounded)
You draw life force from the orc warrior!
You feel life coursing into your body.
The orc warrior hits you with a +0 dire flail!
Unknown command.
Casting: Vampiric Draining (dangerous; 5% risk of failure)
Confirm with . or Enter, or press ? or * to list all spells.
You don't have enough magic to cast this spell.
Unknown command.
Unknown command.
You hit the orc warrior but do no damage.
Your bite misses the orc warrior.
The orc warrior is severely wounded.
You barely miss the orc warrior.
The orc warrior is severely wounded.
The orc warrior misses you.
You hit the orc warrior but do no damage.
Your bite misses the orc warrior.
The orc warrior is severely wounded.
Unknown command.
You barely miss the orc warrior.
The orc warrior is severely wounded.
Unknown command.
You hit the orc warrior but do no damage.
You bite the orc warrior, but do no damage.
The orc warrior is severely wounded.
The orc warrior hits you with a +0 dire flail!
* * * LOW HITPOINT WARNING * * *
Unknown command.
The orc warrior attacks as it pursues you!
The orc warrior hits you with a +0 dire flail!
You die...

##.............
#..............
##....######.##.
#oo...## .#
##oOs...# O.
#Os##..## s.
##.####..# s.#
#o## ##... ##@#
#..# #.## #..
##.# #. #.##
##.# ##.## .#
#..# ..# ##.##
~..# ####..#


You could see an orc warrior, 2 ogres, a scorpion and 3 orcs.

Vanquished Creatures
  A black bear (D:3)
  A centaur (D:5)
  A kobold brigand (D:4)
  A scorpion (D:4)
  A jelly (D:4)
  2 iguanas
  An orc wizard (D:4)
  Ijyb (D:3)
  4 gnolls (D:4)
  5 adders
  2 dart slugs (D:1)
  3 ribbon worms
  10 ball pythons
  5 endoplasms
  2 giant cockroaches
  8 goblins
  7 hobgoblins
  3 jackals (D:1)
  4 quokkas
  3 bats
  A frilled lizard (D:2)
  9 kobolds
  4 rats
79 creatures vanquished.

Vanquished Creatures (collateral kills)
  A gnoll (D:4)
  A bat (D:1)
2 creatures vanquished.

Grand Total: 81 creatures vanquished

Notes
Turn   | Place    | Note
-------+----------+-------------------------------------------
     0 | D:1      | mopl the Vine Stalker Necromancer began the quest for the
                  | Orb.
     0 | D:1      | Reached XP level 1. HP: 9/9 MP: 4/4
   112 | D:1      | Reached XP level 2. HP: 11/14 MP: 1/6
   126 | D:1      | Found a faded altar of an unknown god.
   343 | D:1      | Reached XP level 3. HP: 17/17 MP: 0/7
   364 | D:1      | Reached skill level 2 in Dodging
   761 | D:1      | Reached skill level 1 in Fighting
  1294 | D:2      | You fall into a shaft and drop 1 floor!
  1299 | D:3      | Found a runed translucent door.
  1301 | D:3      | Noticed t4s4d4r's ghost (weakling DEEE)
  1517 | D:2      | Reached XP level 4. HP: 22/22 MP: 6/9
  2108 | D:2      | Found The Oracle's Delphic Readings.
  2112 | D:2      | Bought a scroll of amnesia for 48 gold pieces
  2112 | D:2      | Bought a scroll of poison for 48 gold pieces
  2112 | D:2      | Bought a scroll of identify for 24 gold pieces
  2449 | D:3      | Noticed Ijyb
  2458 | D:3      | Killed Ijyb
  2459 | D:3      | Reached skill level 1 in Short Blades
  2459 | D:3      | Reached skill level 3 in Spellcasting
  2545 | D:3      | Found Erorhiusil's Distillery.
  2556 | D:3      | Bought a potion of curing for 33 gold pieces
  2724 | D:4      | Noticed a black bear
  2751 | D:3      | Killed a black bear
  2752 | D:3      | Reached XP level 5. HP: 26/26 MP: 1/10
  2887 | D:4      | Learned a level 3 spell: Vampiric Draining
  2903 | D:4      | Reached skill level 2 in Fighting
  2903 | D:4      | Reached XP level 6. HP: 4/30 MP: 1/12
  3146 | D:4      | Reached skill level 2 in Short Blades
  3243 | D:4      | Reached skill level 3 in Dodging
  3243 | D:4      | Reached skill level 5 in Necromancy
  3292 | D:4      | Reached XP level 7. HP: 35/35 MP: 6/13
  3476 | D:3      | Bought a potion of resistance for 110 gold pieces
  3510 | D:5      | Entered Level 5 of the Dungeon
  3538 | D:5      | Reached skill level 4 in Spellcasting
  3540 | D:5      | Found Awagul's Weapon Shoppe.
  3600 | D:3      | Bought a potion of heal wounds for 55 gold pieces
  3775 | D:5      | Slain by an orc warrior

Illustrated notes

Levels and vault maps discovered:
D:1:      arrival_zaba_pyramid, layout_loops_corners,
          hellmonk_ecumenical_altar_inner_sanctum, chequers_big_river
D:2:      minmay_door_path, layout_loops_ring, chequers_serial_rivers_micro_d,
          nicolae_nh_oracle_at_delphi
D:3:      layout_loops_ring, ebering_ghost_reflecting_pool, serial_shops,
          nicolae_lakefront_shop, uniq_ijyb
D:4:      minmay_chambers_of_fours, layout_cave_pools, kennysheep_generic_room_9
D:5:      layout_cave_pods, serial_shops, shop, nicolae_shop_tiny_waterfront,
          shop_fountains, chequers_serial_rivers_small_b, minmay_ruined_shrine

Skill      XL: |  1  2  3  4  5  6  7 |
---------------+----------------------+-----
Dodging        | 2 3 |  3.3
Fighting       | 1 2 |  2.8
Short Blades   | 1 2 |  2.5
Spellcasting   | 3 4 |  4.1
Necromancy     | 5 |  5.3
Stealth        | |  2.4

Action                     |  1- 3 |  4- 6 |  7- 9 || total
---------------------------+-------+-------+-------++-------
  Melee: Dagger            |    31 |    42 |     8 ||    81
         Bite              |    11 |    23 |     3 ||    37
         Punch             |       |     1 |       ||     1
   Cast: Necrotise         |    59 |   101 |    19 ||   179
         Vampiric Draining |       |     1 |     1 ||     2
    Use: Scroll            |       |       |     5 ||     5
   Stab: Sleeping          |       |     2 |       ||     2
 Armour: Robe              |    18 |    64 |    21 ||   103
  Dodge: Dodged            |    37 |    64 |    19 ||   120

Table legend: (Time is in decaauts)
 A = Elapsed time spent in this place.
 B = Non-inter-level travel time spent in this place.
 C = Inter-level travel time spent in this place.
 D = Time resting spent in this place.
 E = Time spent auto-exploring this place.
 F = Levels seen in this place.
 G = Mean time per level.
                   A        B        C        D        E       F      G
               +--------+--------+--------+--------+--------+-----+--------+
         Total |   3784 |   3505 |    279 |    151 |   2659 |   5 |  756.8 |
       Dungeon |   3784 |   3505 |    279 |    151 |   2659 |   5 |  756.8 |
               +--------+--------+--------+--------+--------+-----+--------+

Top non-repeatable levels by time:
     D:1: 1230 daAuts
     D:3: 944 daAuts
     D:2: 754 daAuts
     D:4: 665 daAuts
     D:5: 189 daAuts
